 Dungeon Crawl Stone Soup version 0.18.1-6-gd335043 (webtiles) character file.

2 Chemotherapy the Ducker (level 1, -1/12 HPs)
             Began as a Deep Elf Wanderer on May 19, 2016.
             Slain by a dart slug (2 damage)
             ... on level 1 of the Dungeon.
             The game lasted 00:00:22 (20 turns).

Chemotherapy the Ducker (Deep Elf Wanderer)           Turns: 20, Time: 00:00:22

Health: -1/12      AC:  2    Str:  6    XL:     1   Next: 25%
Magic:  3/3        EV: 13    Int: 17    God:
Gold:   0          SH:  0    Dex: 16    Spells: 0 memorised, 0 levels left

rFire  . . .     SeeInvis .     a - +2 falchion
rCold  . . .     Gourm    .     e - +0 robe
rNeg   . . .     Faith    .     (no shield)
rPois  .         Spirit   .     (no helmet)
rElec  .         Dismiss  .     (no cloak)
rCorr  .         Reflect  .     (no gloves)
SustAt .         Harm     .     (no boots)
MR     .....                    (no amulet)
Stlth  ++........               (no ring)
                                (no ring)

@: not resistant to hostile enchantments, unstealthy
A: no striking features
a: no special abilities


You were on level 1 of the Dungeon.
You were not hungry.

You visited 1 branch of the dungeon, and saw 1 of its levels.

Inventory:

Hand Weapons
 a - a +2 falchion (weapon)
 d - a +0 blowgun
Missiles
 c - 9 poisoned needles
Armour
 e - a +0 robe (worn)
Scrolls
 b - a scroll of teleportation
Comestibles
 f - a bread ration {@e1}


   Skills:
 + Level 1.7 Fighting
   Level 1.0(1.6) Short Blades
 + Level 1.7(1.9) Long Blades
 - Level 1.0 Throwing
 + Level 2.5 Dodging
 - Level 1.2 Stealth
   Level 1.1 Evocations


You couldn't memorise any spells.
You didn't know any spells.

Dungeon Overview and Level Annotations

Branches:
Dungeon (1/15)

Altars:


Message History

Welcome, Chemotherapy the Deep Elf Wanderer.
Will you be the one to retrieve the fabulous Orb of Zot from the depths?
Found a staircase leading out of the dungeon.
You aren't carrying or standing over any spellbooks.
Unknown command.
You don't know any spells.
Unknown command.
You open the door.
A bat, a goblin and a dart slug come into view.
There is an open door here.
A ball python comes into view.
The helpless bat fails to defend itself.
You slash the bat!
You kill the bat!
A hobgoblin comes into view. It is wielding a club.
Found an escape hatch in the floor.
You see here a bat corpse.
The hobgoblin shouts!
The ball python bites you. The ball python barely misses you.
You take 1 damage, and have 11/12 hp.
You slash the ball python!
You kill the ball python!
The hobgoblin barely misses you.
You closely miss the hobgoblin. The hobgoblin barely misses you.
You hit the hobgoblin but do no damage. The hobgoblin barely misses you.
You barely miss the hobgoblin. The hobgoblin hits you with a club.
You take 2 damage, and have 9/12 hp.
You barely miss the hobgoblin. The hobgoblin hits you with a club.
You take 3 damage, and have 6/12 hp.
MASSIVE DAMAGE!!
You barely miss the hobgoblin. The hobgoblin hits you with a club.
The dart slug launches a dart at you. The slug dart misses you.
The slug dart hits the hobgoblin.
You take 1 damage, and have 5/12 hp.
You hit the hobgoblin but do no damage. The hobgoblin hits you with a club.
* * * LOW HITPOINT WARNING * * *
The hobgoblin barely misses you.
You take 2 damage, and have 3/12 hp.
You barely miss the hobgoblin. The dart slug launches a dart at you.
The slug dart misses you.
The slug dart hits the hobgoblin.
The hobgoblin barely misses you.
You closely miss the hobgoblin. The hobgoblin closely misses you.
You hit the hobgoblin.
You kill the hobgoblin!
The dart slug bites you.
* * * LOW HITPOINT WARNING * * *
You take 2 damage, and have 1/12 hp.
You barely miss the dart slug. The dart slug bites you.
You die...

######......#
#...........#
#......>....
#..........
#.........♣
#.........♣♣♣♣
#.........#♣<♣#
#.).@.#8.8# .
##...w##'##....
#..##†.....#
.....###.........
......#
##........
.......#
.!.#.....
........
.#.#.....
.......# . ..
...# .# #.....g


You could see a dart slug.

Vanquished Creatures
  A bat (D:1)
  A hobgoblin (D:1)
  A ball python (D:1)
3 creatures vanquished.

Notes
Turn   | Place    | Note
--------------------------------------------------------------
     0 | D:1      | Chemotherapy the Deep Elf Wanderer began the quest for the Orb.
     0 | D:1      | Chemotherapy set off with: a +2 falchion, a scroll of teleportation, 9 poisoned needles, a +0 blowgun, a +0 robe, a bread ration {@e1}
     0 | D:1      | Reached XP level 1. HP: 12/12 MP: 3/3
    15 | D:1      | HP: 3/12 [hobgoblin/club (2)]
    19 | D:1      | HP: 1/12 [dart slug (2)]
    20 | D:1      | Slain by a dart slug

Action                   || total
-------------------------++-------
Melee: Falchion          ||    12
 Stab: Sleeping          ||     1
Dodge: Dodged            ||     9

Vault maps used:
D:1:      saegor_arrival_simple_b

Table legend:
 A = Turns spent in this place as a percentage of turns spent in the entire game.
 B = Non-inter-level travel turns spent in this place as a percentage of non-inter-level travel turns spent in the entire game.
 C = Inter-level travel turns spent in this place as a percentage of turns spent in this place.
 D = Turns resting spent in this place as a percentage of non-inter-level travel turns spent in this place.
 E = Turns spent auto-exploring this place as a percentage of non-inter-level travel turns spent in this place.
 F = Non-inter-level travel turns spent in this place divided by the number of levels of this place that you've seen.
                   A       B       C       D       E      F
               +-------+-------+-------+-------+-------+----------------------
         Total | 100.0 | 100.0 |   0.0 |   0.0 |   4.0 |  25.0
       Dungeon | 100.0 | 100.0 |   0.0 |   0.0 |   4.0 |  25.0
               +-------+-------+-------+-------+-------+----------------------

Table legend:
 A = Kills in this place as a percentage of kills in entire the game.
 B = Kills by you in this place as a percentage of kills by you in the entire game.
 C = Kills by friends in this place as a percentage of kills by friends in the entire game.
 D = Other kills in this place as a percentage of other kills in the entire game.
 E = Experience gained in this place as a percentage of experience gained in the entire game.
 F = Experience gained in this place divided by the number of levels of this place that you have seen.
                   A       B       C       D       E      F
               +-------+-------+-------+-------+-------+----------------------
         Total | 100.0 | 100.0 |  -nan |  -nan | 100.0 |   3.0
       Dungeon | 100.0 | 100.0 |  -nan |  -nan | 100.0 |   3.0
               +-------+-------+-------+-------+-------+----------------------
